 Dungeon Crawl Stone Soup version 0.20.0-15-g7f486f2 (webtiles) character file.

693 anfisbena the Slasher (level 7, -9/39 HPs)
             Began as a Vine Stalker Fighter on June 27, 2017.
             Killed from afar by Ijyb (14 damage)
             ... with a wand of acid (?/15)
             ... on level 5 of the Dungeon.
             The game lasted 00:07:24 (4143 turns).

anfisbena the Slasher (Vine Stalker Fighter)        Turns: 4143, Time: 00:07:25

Health: -9/39      AC:  6    Str: 19    XL:     7   Next: 64%
Magic:  0/8        EV:  7    Int:  8    God:
Gold:   214        SH:  9    Dex: 15    Spells: 6/6 levels left

rFire    . . .     SeeInvis .   a - +0 long sword
rCold    + . .     Gourm    .   d - +0 shield
rNeg     . . .     Faith    .   b - +0 scale mail
rPois    .         Spirit   +   (no helmet)
rElec    .         Reflect  .   (no cloak)
rCorr    .         Harm     .   (no gloves)
MR       .....                  (no boots)
Stlth    ..........             (no amulet)
Regen    0.6/turn               c - ring of protection from cold
MPRegen  0.2/turn               (no ring)

@: no status effects
A: fangs 2, regeneration 1, magic shield, antimagic bite, no potion heal 3, rot
immunity
a: no special abilities


You were on level 5 of the Dungeon.
You were not hungry.

You visited 1 branch of the dungeon, and saw 5 of its levels.

You collected 214 gold pieces.

Inventory:

Hand Weapons
 a - a +0 long sword (weapon)
Armour
 b - a +0 scale mail (worn)
 d - a +0 shield (worn)
Jewellery
 c - a ring of protection from cold (left hand)
Scrolls
 e - 2 scrolls of teleportation {unknown}
 h - 3 scrolls of recharging {unknown}
 j - a scroll of amnesia {unknown}
 n - 3 scrolls of remove curse {unknown}
 o - 3 scrolls of identify {unknown}
 u - a scroll of random uselessness {unknown}
 w - a scroll of magic mapping {unknown}
Potions
 g - a potion of berserk rage {unknown}
 i - a potion of brilliance {unknown}
 k - a potion of haste {unknown}
 l - a potion of cancellation {unknown}
 p - a potion of degeneration {unknown}
 q - 3 potions of invisibility {unknown}
 v - a potion of lignification {unknown}
Books
 t - a book of Misfortune

   Spells                             Type                      Level
   a - Confusing Touch                Hexes                        1
   b - Confuse                        Hexes                        3
   c - Gell's Gravitas                Translocation                3
   d - Petrify                        Transmutation/Earth          4
   e - Metabolic Englaciation         Hexes/Ice                    5
   f - Yara's Violent Unravelling     Hexes/Transmutation          5
Comestibles
 f - 2 bread rations
 m - 6 meat rations
 r - 5 chunks of flesh
 s - a fruit


   Skills:
 + Level 5.5 Fighting
 + Level 5.8 Long Blades
 - Level 2.4 Armour
 - Level 2.6 Shields


You had 6 spell levels left.
You didn't know any spells.

Dungeon Overview and Level Annotations

Branches:
Dungeon (5/15)
 Temple: D:4-7

Altars:

Annotations:
D:5 Ijyb


Innate Abilities, Weirdness & Mutations

You have extremely sharp teeth.
Your natural rate of healing is unusually fast.
When hurt, damage is shared between your health and your magic reserves.
Your bite disrupts and absorbs the magic of your enemies.
Potions cannot restore your health.
You are immune to rotting.


Message History

Ijyb barely misses you.
You riposte.
You hit Ijyb. You bite Ijyb, but do no damage.
Ijyb is severely wounded.
You hit Ijyb but do no damage. You bite Ijyb. You drain her power.
You feel invigorated.
Ijyb is severely wounded.
Ijyb hits you but does no damage. You block Ijyb's attack.
You hit Ijyb. You bite Ijyb, but do no damage.
Ijyb is almost dead.
Ijyb zaps a wand.
The bolt of acid misses you.
You barely miss Ijyb.
Ijyb is almost dead.
Ijyb zaps a wand.
The bolt of acid hits you!
* * * LOW HITPOINT WARNING * * *
You are splashed with acid!
The acid burns!
* * * LOW HITPOINT WARNING * * *
You barely miss Ijyb.
Ijyb is almost dead.
Ijyb zaps a wand.
The bolt of acid hits you!
You die...

#. ##...#.........
#.#####..........#
#.......#<..###..##(
#..####...#.........
#..######...###..#..
#..........## ...
##.##.###### .
#.##>#########..
####.##.##.@g......
#..>.##.##.######..
#.#####.##.#
#.#####....####
#.>..รท...........
#.####...........
#......)#########
.........#
.........#


You could see Ijyb.

Vanquished Creatures
  The ghost of greprep the Covert, an amateur OpEn (D:4)
  An ice beast (D:5)
  An ogre (D:4)
  A bullfrog zombie (D:5)
  2 hounds (D:4)
  A centaur skeleton (D:5)
  2 worker ants (D:4)
  Natasha (twice) (D:4)
  A howler monkey skeleton (D:5)
  4 gnolls (D:5)
  4 adders
  2 shadow imps (D:5)
  An ooze (D:1)
  A worm (D:3)
  2 leopard geckos
  10 orcs
  5 giant cockroaches
  8 goblins
  3 hobgoblins
  6 jackals
  11 kobolds
  3 quokkas
  2 ball pythons
  4 bats
  A frilled lizard (D:2)
  2 leopard gecko skeletons (D:4)
  3 quokka skeletons
  3 rats (D:3)
87 creatures vanquished.

Notes
Turn   | Place    | Note
-------+----------+-------------------------------------------
     0 | D:1      | anfisbena the Vine Stalker Fighter began the quest for the Orb.
     0 | D:1      | Reached XP level 1. HP: 11/11 MP: 2/2
   254 | D:1      | Reached XP level 2. HP: 7/16 MP: 3/3
  1207 | D:2      | Reached XP level 3. HP: 19/19 MP: 4/4
  2055 | D:3      | Gained mutation: Your natural rate of healing is unusually fast. [Vine Stalker growth]
  2055 | D:3      | Reached XP level 4. HP: 9/24 MP: 3/5
  2863 | D:4      | Noticed Natasha
  2872 | D:4      | Killed Natasha
  2872 | D:4      | Reached XP level 5. HP: 27/28 MP: 6/6
  3106 | D:4      | Noticed an ogre
  3111 | D:4      | Killed an ogre
  3143 | D:4      | Reached XP level 6. HP: 27/33 MP: 5/7
  3150 | D:4      | Noticed Natasha
  3165 | D:4      | Killed Natasha
  3485 | D:4      | Noticed greprep's ghost (amateur OpEn)
  3492 | D:4      | Killed greprep's ghost
  3492 | D:4      | Reached skill level 5 in Long Blades
  3492 | D:4      | Reached XP level 7. HP: 29/38 MP: 8/8
  3868 | D:5      | Entered Level 5 of the Dungeon
  3879 | D:5      | Reached skill level 5 in Fighting
  4130 | D:5      | Noticed Ijyb
  4143 | D:5      | Killed from afar by Ijyb

Skill      XL: |  1  2  3  4  5  6  7 |
---------------+----------------------+-----
Long Blades    | 2 3 4 5 |  5.8
Fighting       | 3 4 5 |  5.5
Armour         | |  2.4
Shields        | |  2.6

Action                   |  1- 3 |  4- 6 |  7- 9 || total
-------------------------+-------+-------+-------++-------
Melee: Long sword        |   102 |   117 |    66 ||   285
       Bite              |    24 |    50 |    31 ||   105
  Use: Potion            |       |     1 |       ||     1
  Eat: Chunk             |     4 |     5 |     2 ||    11
Armor: Scale mail        |    40 |    38 |    19 ||    97
Dodge: Dodged            |    32 |    54 |    23 ||   109
Block: Shield            |    59 |    16 |    19 ||    94
       Buckler           |       |    23 |       ||    23
       Rpst.: Long sword |    12 |    21 |     9 ||    42
